 Dungeon Sprint DCSS version 0.26-a0-712-ga5a9c9c9d0 (webtiles) character file.

Game seed: 2557596935610448793

285063 mhtbhm the Bludgeoner (level 13, 133/133 HPs)
             Began as a Troll Berserker on Oct 31, 2020.
             Was the Champion of Trog.
             Escaped with the Orb!
             The game lasted 00:12:07 (4019 turns).

mhtbhm the Bludgeoner (Troll Berserker)             Turns: 4019, Time: 00:12:08

Health: 133/133    AC: 22    Str: 33    XL:     13   Next: 24%
Magic:  12/12      EV: 11    Int:  4    God:    Trog [******]
Gold:   3631       SH:  5    Dex: 14    Spells: 12/12 levels left

rFire    + . .     SeeInvis .   a - +13 giant spiked club (flame)
rCold    + + .     Faith    .   (shield currently unavailable)
rNeg     + + .     Spirit   .   u - +0 gold dragon scales
rPois    +         Reflect  +   (helmet restricted)
rElec    .         Harm     .   s - scarf {repulsion}
rCorr    .         Rampage  .   (gloves unavailable)
MR       .....     NoTele   +   (boots unavailable)
Stlth    ..........             i - amulet of reflection
HPRegen  0.72/turn              z - ring "Oran" {+Blink rC+ rN+ Dex+4 Stlth-}
MPRegen  0.13/turn              A - ring of the Octopus King {rN+ AC+1 EV+1 Str+1 Int+1 Dex+1}

@: repel missiles
A: large, unfitting armour, claws 3, frail 1, regeneration 1, shaggy fur 1,
tough skin 3
0: Orb of Zot
a: Berserk, Trog's Hand, Brothers in Arms, Renounce Religion, Evoke Blink


You escaped.
You worshipped Trog.
Trog was exalted by your worship.
You visited 1 branch You collected 5234 gold pieces.
You spent 1603 gold pieces at shops.

Inventory:

Hand Weapons
 a - a +13 giant spiked club of flaming (weapon)
 y - a +1 antimagic demon whip
Armour
 n - a +0 troll leather armour
 s - a scarf of repulsion (worn)
 t - a +1 cloak of stealth
 u - +0 gold dragon scales (worn)
Jewellery
 i - an amulet of reflection (around neck)
 z - the ring "Oran" (left claw) {+Blink rC+ rN+ Dex+4 Stlth-}
   (You found it in the Dungeon)

   [ring of protection from cold]

   It affects your dexterity (+4).
   It protects you from cold.
   It protects you from negative energy.
   It lets you blink.
   It makes you less stealthy.
 A - a ring of the Octopus King (right claw) {rN+ AC+1 EV+1 Str+1 Int+1 Dex+1}
   (You found it in the Dungeon)

   [ring of positive energy]

   It affects your AC (+1).
   It affects your evasion (+1).
   It affects your strength (+1).
   It affects your intelligence (+1).
   It affects your dexterity (+1).
   It protects you from negative energy.
Wands
 h - a wand of digging (3)
 m - a wand of random effects (18)
 w - a wand of flame (42)
Scrolls
 g - a scroll of immolation
 k - a scroll of identify
 l - a scroll of fog {unknown}
 x - a scroll of amnesia {unknown}
Potions
 c - 2 potions of heal wounds
 d - 3 potions of haste
 e - 2 potions of magic
 f - a potion of berserk rage
 j - a potion of invisibility
 o - 4 potions of curing
 v - 2 potions of flight
 B - 2 potions of might
 C - a potion of resistance
Miscellaneous
 b - a phantom mirror
 q - a lightning rod (4/4)
 r - a condenser vane (2/2)


   Skills:
 + Level 14.7 Fighting
 + Level 16.9 Maces & Flails
 + Level 1.7 Throwing
 + Level 9.3 Armour
 + Level 12.0 Dodging
 + Level 1.8 Stealth
 + Level 16.3 Unarmed Combat
 + Level 3.1 Evocations


You had 12 spell levels left.
You didn't know any spells.
Your spell library was empty.

Dungeon Overview and Level Annotations

Branches:
Dungeon (1/1)

Altars:
Cheibriados
Dithmenos
Elyvilon
Fedhas
Gozag
Hepliaklqana
Kikubaaqudgha
Makhleb
Nemelex Xobeh
Okawaru
Qazlal
Ru
Sif Muna
Trog
Uskayaw
Vehumet
Wu Jian
Xom
Yredelemnul
Zin
The Shining One
Jiyva
Lugonu

Shops:
D (![*!(:[}[!}(([[?(

Annotations:
D Tiamat


Innate Abilities, Weirdness & Mutations

You are too large for most types of armour.
You have claws for hands.
Your natural rate of healing is unusually fast.
You are covered in fur. (AC +1)
You have extremely tough skin. (AC +3)
You are frail. (-10% HP)


Message History

You block the rakshasa's attack.
There is an open door here.
Things that are here:
a +0 scythe; a +0 robe
There is an open door here.
You pound the rakshasa like an anvil!!! You burn the rakshasa!!
You kill the rakshasa!
Trog accepts your kill.
Things that are here:
a +0 whip; a +0 robe
Things that are here:
a +0 whip; a +0 robe
There is an open door here.
You see here a +0 giant club.
You open the door.
There is an open door here.
There is an open door here.
You see here a +0 chain mail.
There is a staircase leading out of the dungeon here.
You have escaped!

##################
#@.#..'..#.)'..#__
#..[..#.)').#..'..
#..#####'#####'#__
#..####..#...#.###
#..#__####..##)#§≈
#..#_____##'#_.§§≈
#⌠⌠#_.∩...'..._#§§
###._..__##_.#'##'
#..#_____###'#(..:


There were no monsters in sight!

Vanquished Creatures
  the Lernaean hydra (D)
  A golden dragon (D)
  A shadow dragon (D)
  3 fire giants (D)
  A daeva (D)
  A lorocyproca (D)
  A deep elf annihilator (D)
  A mummy priest (D)
  A rakshasa (D)
  A hydra (D)
  2 centaur warriors (D)
  7 unseen horrors (D)
  A deep troll (D)
  A lindwurm (D)
  2 oklob plants (D)
  2 merfolk sirens (D)
  2 gargoyles (D)
  2 kobold demonologists (D)
  4 demonic crawlers (D)
  A hellwing (D)
  3 hornets (D)
  A meliai (D)
  A slime creature (D)
  2 redbacks (D)
  Sigmund (D)
  13 hogs (D)
  A yak (D)
  A neqoxec (D)
  3 floating eyes (D)
  An ogre (D)
  7 necrophages (D)
  8 jellies (D)
  Ijyb (D)
79 creatures vanquished.

Vanquished Creatures (others)
  A fire giant (D)
  Sonja (D)
  2 hornets (D)
  2 ballistomycete spores (D)
6 creatures vanquished.

Grand Total: 85 creatures vanquished

Notes
Turn   | Place    | Note
-------+----------+-------------------------------------------
     0 | D        | mhtbhm the Troll Berserker began the quest for the Orb.
     0 | D        | Reached XP level 1. HP: 22/22 MP: 0/0
     2 | D        | Noticed Ijyb
     7 | D        | Killed Ijyb
     7 | D        | Reached XP level 2. HP: 32/32 MP: 1/1
    69 | D        | Found a basalt altar of Yredelemnul.
    69 | D        | Found a hide-covered altar of Uskayaw.
    69 | D        | Found a hazy altar of Hepliaklqana.
    69 | D        | Found a shadowy altar of Dithmenos.
    69 | D        | Found a sacrificial altar of Ru.
    69 | D        | Found a snail-covered altar of Cheibriados.
    69 | D        | Found an opulent altar of Gozag.
    69 | D        | Found a sparkling altar of Nemelex Xobeh.
    70 | D        | Found an ancient bone altar of Kikubaaqudgha.
    70 | D        | Found Dicea's Distillery.
    70 | D        | Found a glowing golden altar of the Shining One.
    70 | D        | Found an iron altar of Okawaru.
    70 | D        | Found a bloodstained altar of Trog.
    70 | D        | Found a blossoming altar of Fedhas.
    70 | D        | Found a stormy altar of Qazlal.
    70 | D        | Found a white marble altar of Elyvilon.
    70 | D        | Found a glowing silver altar of Zin.
    70 | D        | Noticed a yak
    77 | D        | Killed a yak
    77 | D        | Reached skill level 5 in Fighting
    77 | D        | Reached skill level 5 in Dodging
    77 | D        | Reached XP level 3. HP: 44/44 MP: 2/2
    77 | D        | Reached XP level 4. HP: 52/52 MP: 3/3
    77 | D        | Reached XP level 5. HP: 59/59 MP: 4/4
   108 | D        | Found a shimmering blue altar of Sif Muna.
   108 | D        | Found a radiant altar of Vehumet.
   108 | D        | Found an ornate altar of the Wu Jian Council.
   110 | D        | Reached ** piety under Trog
   168 | D        | Found a burning altar of Makhleb.
   168 | D        | Found a viscous altar of Jiyva.
   168 | D        | Found a shimmering altar of Xom.
   168 | D        | Found a corrupted altar of Lugonu.
   168 | D        | Noticed a slime creature
   173 | D        | Killed a slime creature
   173 | D        | Reached XP level 6. HP: 57/71 MP: 5/5
   197 | D        | Noticed Sigmund
   200 | D        | Killed Sigmund
   200 | D        | Reached XP level 7. HP: 78/78 MP: 6/6
   267 | D        | Reached *** piety under Trog
   267 | D        | Reached skill level 10 in Unarmed Combat
   300 | D        | Noticed a kobold demonologist
   300 | D        | Noticed a kobold demonologist
   302 | D        | Noticed a red devil
   314 | D        | Killed a kobold demonologist
   322 | D        | Killed a kobold demonologist
   322 | D        | Reached **** piety under Trog
   322 | D        | Reached XP level 8. HP: 91/91 MP: 7/7
   367 | D        | Noticed a lindwurm
   372 | D        | Killed a lindwurm
   472 | D        | Reached XP level 9. HP: 100/100 MP: 8/8
   476 | D        | Reached ***** piety under Trog
   481 | D        | Reached skill level 10 in Dodging
   481 | D        | Reached skill level 1 in Evocations
   484 | D        | Reached skill level 10 in Fighting
   487 | D        | Received a gift from Trog
   690 | D        | Found Hazozo's Armour Emporium.
   698 | D        | Noticed a deep troll
   702 | D        | Killed a deep troll
   702 | D        | Reached skill level 15 in Unarmed Combat
   702 | D        | Reached XP level 10. HP: 111/111 MP: 9/9
   865 | D        | Noticed Sonja
   947 | D        | Found Siyw's Antique Weapon Boutique.
   961 | D        | Killed Sonja
   961 | D        | Reached skill level 1 in Maces & Flails
  1016 | D        | Noticed a centaur warrior
  1017 | D        | Noticed a centaur warrior
  1022 | D        | Killed a centaur warrior
  1022 | D        | Reached skill level 1 in Armour
  1024 | D        | Killed a centaur warrior
  1060 | D        | Reached skill level 1 in Stealth
  1121 | D        | Noticed an oklob plant
  1127 | D        | Killed an oklob plant
  1266 | D        | Received a gift from Trog
  1463 | D        | Killed an unseen horror
  1463 | D        | Reached skill level 5 in Maces & Flails
  1464 | D        | Killed an unseen horror
  1539 | D        | Received a gift from Trog
  1541 | D        | Reached XP level 11. HP: 120/120 MP: 10/10
  1542 | D        | Reached ****** piety under Trog
  1579 | D        | Received a gift from Trog
  1646 | D        | Found Ufuitoid's Assorted Antiques.
  1646 | D        | Found Laskaom's Armour Shop.
  1646 | D        | Found Vesham's Distillery.
  1648 | D        | Found Udicecker's Antique Weapon Emporium.
  1648 | D        | Found Pix Jaci's Book Shop.
  1648 | D        | Found Puarahar's Antique Armour Shoppe.
  1648 | D        | Found Yphyt's Gadget Boutique.
  1648 | D        | Found Ewnusmol's Antique Armour Emporium.
  1648 | D        | Found Medinora's Distillery.
  1648 | D        | Found Ehaughiu's Gadget Shoppe.
  1652 | D        | Found Jiuff's Weapon Boutique.
  1653 | D        | Found Mefyha Atapt's Armour Emporium.
  1653 | D        | Found Doofiepe's Antique Weapon Boutique.
  1654 | D        | Found Kuacse Manke's Magic Scroll Emporium.
  1656 | D        | Bought a condenser vane (2/2) for 280 gold pieces
  1657 | D        | Bought an embroidered scarf for 160 gold pieces
  1657 | D        | Bought an embroidered cloak for 150 gold pieces
  1658 | D        | Bought 2 potions of heal wounds for 110 gold pieces
  1658 | D        | Bought a potion of heal wounds for 55 gold pieces
  1665 | D        | Bought a +2 robe of resistance for 452 gold pieces
  1837 | D        | Noticed a 12-headed hydra
  1839 | D        | Killed a 12-headed hydra
  1944 | D        | Noticed a shadow dragon
  1944 | D        | Noticed a golden dragon
  1957 | D        | Killed a golden dragon
  1959 | D        | Killed a shadow dragon
  1959 | D        | Received a gift from Trog
  2028 | D        | Identified the Collected Works on the Doomed Glacier
  2087 | D        | Found Ikloell's Antique Weapon Shoppe.
  2135 | D        | Noticed a deep elf annihilator
  2155 | D        | Received a gift from Trog
  2173 | D        | Reached XP level 12. HP: 130/130 MP: 3/11
  2244 | D        | Noticed a daeva
  2253 | D        | Killed a daeva
  2322 | D        | Reached skill level 5 in Armour
  2327 | D        | Received a gift from Trog
  2487 | D        | Got a bound pewter ring
  2488 | D        | Identified the ring "Oran" {+Blink rC+ rN+ Dex+4 Stlth-}
                  | (You found it in the Dungeon)
  2506 | D        | Noticed a fire giant
  2507 | D        | Noticed a fire giant
  2509 | D        | Noticed a fire giant
  2511 | D        | Noticed a fire giant
  2513 | D        | Killed a fire giant
  2517 | D        | Killed a fire giant
  2517 | D        | Received a gift from Trog
  2517 | D        | Reached skill level 15 in Maces & Flails
  2520 | D        | Killed a fire giant
  2524 | D        | Killed a fire giant
  2526 | D        | Found the ring of the Octopus King
  2737 | D        | Got a ring of the Octopus King
  2738 | D        | Identified a ring of the Octopus King {rN+ AC+1 EV+1 Str+1
                  | Int+1 Dex+1} (You found it in the Dungeon)
  2752 | D        | Identified the +4 dragonskin cloak
  2752 | D        | Noticed Tiamat
  2875 | D        | Killed a lorocyproca
  3198 | D        | Received a gift from Trog
  3247 | D        | Killed a deep elf annihilator
  3346 | D        | Noticed a mummy priest
  3355 | D        | Killed a mummy priest
  3355 | D        | Reached XP level 13. HP: 148/148 MP: 12/12
  3414 | D        | Noticed the 27-headed Lernaean hydra
  3429 | D        | Killed the 27-headed Lernaean hydra
  3429 | D        | Reached skill level 1 in Throwing
  3519 | D        | Noticed a deep elf master archer
  3708 | D        | Bought a potion of might for 40 gold pieces
  3708 | D        | Bought a potion of haste for 100 gold pieces
  3708 | D        | Bought a potion of invisibility for 80 gold pieces
  3761 | D        | Bought a potion of flight for 33 gold pieces
  3761 | D        | Bought a potion of resistance for 110 gold pieces
  3761 | D        | Bought a potion of flight for 33 gold pieces
  3943 | D        | Got the Orb of Zot
  3981 | D        | Gained mutation: You are frail. (-10% HP) [a neqoxec]
  4019 | D        | Escaped with the Orb!

Illustrated notes

Levels and vault maps discovered:
D:        dungeon_sprint_1 [red_sonja_temple_1, red_sonja_temple_small_1]

Skill      XL: |  1  2  3  4  5  6  7  8  9 10 11 12 13 |
---------------+----------------------------------------+-----
Fighting       | 3 5 7 8 9 10 11 12 14 | 14.7
Dodging        | 3 5 6 7 8 9 10 11 12 | 12.0
Unarmed Combat | 4 7 9 11 13 15 16 | 16.3
Evocations     | 1 2 3 |  3.1
Maces & Flails | 6 13 16 | 16.9
Armour         | 4 7 9 |  9.3
Stealth        | 1 |  1.8
Throwing       | 1 |  1.7

Action                   |  1- 3 |  4- 6 |  7- 9 | 10-12 | 13-15 || total
-------------------------+-------+-------+-------+-------+-------++-------
Melee: Unarmed           |     8 |     7 |    58 |       |       ||    73
       Punch             |       |     1 |     5 |       |       ||     6
       Giant spiked club |       |       |     2 |   151 |     7 ||   160
Throw: Dart              |       |       |       |     4 |       ||     4
Invok: Berserk           |     2 |       |     4 |    12 |     1 ||    19
       Brothers in Arms  |       |       |       |     2 |     1 ||     3
Evoke: Wand              |     1 |       |     2 |     8 |       ||    11
       Condenser vane    |       |       |       |     1 |       ||     1
  Use: Potion            |       |       |       |     4 |     1 ||     5
       Scroll            |       |       |       |     5 |     3 ||     8
Armor: Animal skin       |     1 |     1 |    10 |       |       ||    12
       Troll leather arm |       |       |       |    18 |       ||    18
       Gold dragon scale |       |       |       |    52 |    31 ||    83
       Robe              |       |       |       |    11 |       ||    11
Dodge: Dodged            |     2 |     1 |    20 |    83 |    13 ||   119
       Repelled          |       |       |       |     2 |       ||     2
Block: Other             |       |       |     9 |    36 |     4 ||    49
       Reflection        |       |       |       |     1 |       ||     1

Table legend: (Time is in decaauts)
 A = Elapsed time spent in this place.
 B = Non-inter-level travel time spent in this place.
 C = Inter-level travel time spent in this place.
 D = Time resting spent in this place.
 E = Time spent auto-exploring this place.
 F = Levels seen in this place.
 G = Mean time per level.
                   A        B        C        D        E       F      G
               +--------+--------+--------+--------+--------+-----+--------+
         Total |   4262 |   4262 |      0 |   2048 |      0 |   1 | 4262.0 |
       Dungeon |   4262 |   4262 |      0 |   2048 |      0 |   1 | 4262.0 |
               +--------+--------+--------+--------+--------+-----+--------+

Top non-repeatable levels by time:
       D: 4262 daAuts
